Carpet Bombing Run Saves the Day!

Match 26122628
End
Panzergrenadier Squad
250 Light Carrier
Panzergrenadier Squad
Construct Light Support Kompanie
Fire Support Elements
Panzerjäger Squad
Flakvierling Half-track
Panzerjäger Mechanized Group
Tungsten Core Ammunition
Selects Armored Support Battlegroup
Selects Veteran Gunners
Selects Salvage Kits
Selects Panzer Storm
Veteran Squad Leaders
Construct Panzerarmee Kommand
Panzer III L Medium Tank
Selects Stuka Dive Bomb
Advanced Field Repairs
Flakvierling Half-track
Advanced Optics
Emergency Repair Kits
Armored Reserves
Panzer III L Medium Tank
StuG Assault Group
le.IG 18 Support Gun Team
Flakvierling Half-track
Stuka Dive Bomb
2.5-tonne Medical Truck
Panzerjäger Squad
Panzergrenadier Squad
EverLast1ng
<𝓑𝓮𝓽𝓪>Ташкент
Dudewhat
Ku
0
0

Comments sign in to comment!

No comments posted yet!